 Dungeon Crawl Stone Soup version 0.24.1-14-gf8d2b509d9 (webtiles) character file.

Game seed: 1787139356544190522, levelgen mode: deterministic

238 GigaChad the Shield-Bearer (level 5, -10/47 HPs)
             Began as a Minotaur Fighter on Sept 19, 2022.
             Mangled by a mummy (13 damage)
             ... in an ossuary.
             The game lasted 00:05:01 (1978 turns).

GigaChad the Shield-Bearer (Minotaur Fighter)       Turns: 1978, Time: 00:05:03

Health: -10/47     AC:  7    Str: 21    XL:     5   Next: 78%
Magic:  4/4        EV:  9    Int:  5    God:
Gold:   100        SH:  0    Dex: 10    Spells: 4/4 levels left

rFire    + . .     SeeInvis .   m - +0 great sword
rCold    . . .     Gourm    .   (shield currently unavailable)
rNeg     . . .     Faith    .   b - +0 scale mail
rPois    .         Spirit   .   (helmet restricted)
rElec    .         Reflect  .   (no cloak)
rCorr    .         Harm     .   (no gloves)
MR       .....                  (no boots)
Stlth    ..........             (no amulet)
HPRegen  0.15/turn              e - ring of protection from fire
MPRegen  0.09/turn              (no ring)

@: lightly drained
A: retaliatory headbutt, horns 2
a: no special abilities


You were in an ossuary.
You were not hungry.

You visited 1 branch of the dungeon, and saw 4 of its levels.
You also visited: Ossuary.

You collected 100 gold pieces.

Inventory:

Hand Weapons
 a - a +0 long sword
 m - a +0 great sword (weapon)
Armour
 b - a +0 scale mail (worn)
 c - a +0 shield
Jewellery
 e - a ring of protection from fire (left hand)
 j - an uncursed ring of protection from cold
Wands
 k - a wand of flame (4)
Scrolls
 i - 6 scrolls of identify
 n - a scroll of teleportation {unknown}
Potions
 d - a potion of might
 g - 2 potions of agility
 h - a potion of heal wounds {unknown}
 l - a potion of flight {unknown}
 o - a potion of degeneration {unknown}
Comestibles
 f - 6 rations


   Skills:
 + Level 4.9(4.6) Fighting
 + Level 4.6(4.2) Long Blades
 + Level 4.5(4.2) Armour
 + Level 0.3(0.0) Dodging
 + Level 5.1(4.7) Shields


You had 4 spell levels left.
You didn't know any spells.
Your spell library was empty.

Dungeon Overview and Level Annotations

Branches:
Dungeon (4/15)            Ossuary (1/1)
 Temple: D:4-7

Altars:
Zin


Innate Abilities, Weirdness & Mutations

You reflexively headbutt those who attack you in melee.
You have a pair of horns on your head.


Message History

The orc zombie barely misses you.
You riposte.
You hit the orc zombie but do no damage.
The big kobold zombie hits you but does no damage.
The gnoll zombie closely misses you. The mummy closely misses you.
The gnoll zombie hits you.
* * * LOW HITPOINT WARNING * * *
The gnoll zombie hits you but does no damage.
You slash the gnoll zombie!
You destroy the gnoll zombie!
The orc zombie hits you.
* * * LOW HITPOINT WARNING * * *
The big kobold zombie hits you but does no damage.
The gnoll zombie barely misses you.
You riposte.
You slash the gnoll zombie! You headbutt the gnoll zombie.
You destroy the gnoll zombie!
The gnoll zombie barely misses you.
You riposte.
You completely miss the gnoll zombie. The gnoll zombie hits you.
* * * LOW HITPOINT WARNING * * *
The mummy hits you!
You die...

########### #
#.#.#.#.#.#.# #####
#............ ##...##
#............
##.....###...Z........
#...........Z.M.......
#..∩.∩.......@ZZ......
#............ZZ.......
##.....###...Z........
##...## #............
##### #............
#.#.#.#.#.#.#
########### #


You could see a mummy, 3 gnoll zombies, 2 big kobold zombies and 2 orc zombies.

Vanquished Creatures
  An orc wizard (D:3)
  Jessica (D:2)
  Natasha (twice) (D:2)
  3 gnolls (D:3)
  2 adders (D:2)
  An ooze (D:1)
  A dart slug (D:2)
  2 leopard geckos (D:2)
  10 orcs (D:3)
  3 giant cockroaches
  2 gnoll zombies (Ossuary)
  9 goblins
  4 hobgoblins
  2 jackals (D:1)
  7 kobolds
  A quokka (D:2)
  10 bats
  4 frilled lizards
  2 orc zombies (Ossuary)
  4 rats
71 creatures vanquished.

Notes
Turn   | Place    | Note
-------+----------+-------------------------------------------
     0 | D:1      | GigaChad the Minotaur Fighter began the quest for the Orb.
     0 | D:1      | Reached XP level 1. HP: 19/19 MP: 0/0
    37 | D:1      | Reached skill level 4 in Shields
   363 | D:1      | Reached XP level 2. HP: 27/27 MP: 1/1
   684 | D:2      | Reached XP level 3. HP: 29/33 MP: 2/2
   692 | D:2      | Noticed Jessica
   702 | D:2      | Killed Jessica
   784 | D:2      | Reached XP level 4. HP: 38/40 MP: 3/3
   816 | D:2      | Noticed Natasha
   831 | D:2      | Killed Natasha
   857 | D:2      | Reached skill level 5 in Shields
   887 | D:2      | Noticed Natasha
   899 | D:2      | Killed Natasha
  1239 | D:2      | Reached XP level 5. HP: 47/47 MP: 4/4
  1843 | D:3      | Found a glowing silver altar of Zin.
  1959 | D:4      | Found a sand-covered staircase.
  1963 | Ossuary  | Entered an ossuary
  1978 | Ossuary  | Mangled by a mummy

Levels and vault maps discovered:
D:1:      saegor_arrival_simple_e, layout_basic, kennysheep_small_spiral
D:2:      layout_rooms, first_ration, minmay_circle_x, uniq_jessica,
          uniq_natasha
D:3:      layout_loops_ring, nicolae_overflow_crystal_walls
D:4:      layout_basic, minmay_temple_entry_grid, enter_ossuary_5, uniq_robin
Ossuary:  minmay_ossuary_gauntlet

Skill      XL: |  1  2  3  4  5 |
---------------+----------------+-----
Shields        | 4 5 |  5.1
Fighting       | 4 |  4.9
Armour         | 4 |  4.5
Long Blades    | 3 4 |  4.6
Dodging        | |  0.3

Action                   |  1- 3 |  4- 6 || total
-------------------------+-------+-------++-------
Melee: Long sword        |    52 |    27 ||    79
       Headbutt          |     6 |    15 ||    21
       Great sword       |       |    59 ||    59
  Use: Scroll            |       |     1 ||     1
  Eat: Ration            |     1 |       ||     1
Armor: Scale mail        |    44 |    58 ||   102
Dodge: Dodged            |    24 |    56 ||    80
Block: Shield            |    43 |    12 ||    55
       Rpst.: Long sword |     9 |     2 ||    11
       Great sword       |       |     9 ||     9
